 Dungeon Crawl Stone Soup version 0.20.0-15-g7f486f2 (webtiles) character file.

7921 Darkell the Nimble (level 11, -2/48 HPs)
             Began as a Felid Transmuter on June 13, 2017.
             Was an Elder of Hepliaklqana.
             Slain by a spiny frog (18 damage)
             ... on level 1 of the Lair of Beasts.
             The game lasted 00:22:13 (15600 turns).

Darkell the Nimble (Felid Transmuter)              Turns: 15600, Time: 00:22:14

Health: -2/48      AC:  6    Str:  9    XL:     11   Next: 3%
Magic:  15/16      EV: 29    Int: 20    God:    Hepliaklqana [****..]
Gold:   718        SH:  3    Dex: 20    Spells: 4/14 levels left
                                        Lives:  0   Deaths: 3

rFire    . . .     SeeInvis +     - Unarmed
rCold    . . .     Gourm    .   (shield unavailable)
rNeg     . . .     Faith    .   (armour unavailable)
rPois    .         Spirit   .   (helmet unavailable)
rElec    .         Reflect  +   (cloak unavailable)
rCorr    .         Harm     .   (gloves unavailable)
MR       +....     Clarity  +   (boots unavailable)
Stlth    +++.......             q - +3 amulet of reflection
Regen    0.2/turn               n - +6 ring of intelligence
MPRegen  0.2/turn               p - +4 ring of protection

@: lethally poisoned (-2 -> -10), appendage, quick
A: no armour, no weapons or thrown items, stealth, reduced essence, claws 1,
fangs 3, horns 2, thin skeletal structure 1, see invisible, carnivore 3,
clarity, speed 1, high mp 1, shaggy fur 2, slow metabolism 1, MP-powered wands,
sharp paws
a: End Transformation, Recall Ancestor, Ancestor Identity, Transference,
Idealise, Renounce Religion


You were on level 1 of the Lair of Beasts.
You worshipped Hepliaklqana.
Hepliaklqana was greatly pleased with you.
You were completely stuffed.
You had grown temporary horns.
You visited 3 branches of the dungeon, and saw 13 of its levels.

You collected 718 gold pieces.

Inventory:

Missiles
 a - 237 arrows
Jewellery
 n - a +6 ring of intelligence (left paw)
 p - a +4 ring of protection (right paw)
 q - a +3 amulet of reflection (around neck)
 u - an uncursed ring of flight
 B - a +3 ring of dexterity
 E - an uncursed ring of protection from fire
 H - an uncursed ring of protection from fire
 O - a +2 amulet of reflection
 T - an uncursed amulet of rage
 V - an uncursed ring of magical power
 W - a +3 ring of protection
Wands
 h - a wand of random effects (27/48)
 o - a wand of acid (8/15)
 s - a wand of digging (10/24)
 y - a wand of lightning (3/15)
 G - a wand of scattershot (3/9)
 I - a wand of lightning (4/15)
 K - a wand of iceblast (7/15)
 L - a wand of random effects (20/48)
Scrolls
 d - a scroll of amnesia {unknown}
 f - 5 scrolls of remove curse {unknown}
 g - 3 scrolls of fear {unknown}
 j - 12 scrolls of identify {unknown}
 k - 2 scrolls of enchant armour {unknown}
 m - 3 scrolls of magic mapping {unknown}
 r - 6 scrolls of teleportation {unknown}
 w - 2 scrolls of vulnerability {unknown}
 x - 2 scrolls of enchant weapon {unknown}
 z - 2 scrolls of blinking {unknown}
 F - 2 scrolls of random uselessness {unknown}
 M - a scroll of noise {unknown}
 P - a scroll of summoning {unknown}
 Q - 2 scrolls of recharging {unknown}
 R - a scroll of fog {unknown}
 U - a scroll of silence {unknown}
Potions
 e - 2 potions of berserk rage {unknown}
 i - 2 potions of lignification
 l - 3 potions of brilliance
 t - a potion of ambrosia {unknown}
 A - 3 potions of flight
 C - 3 potions of might {unknown}
 D - 2 potions of degeneration {unknown}
 J - a potion of magic {unknown}
 S - 2 potions of mutation
 X - a potion of curing
Books
 b - a book of Changes

   Spells                             Type                      Level
   a - Beastly Appendage              Transmutation                1
   b - Sticks to Snakes               Transmutation                2
   c - Spider Form                    Transmutation/Poison         3
   d - Ice Form                       Ice/Transmutation            4
   e - Blade Hands                    Transmutation                5
 N - a book of the Dragon

   Spells                             Type                      Level
   a - Flame Tongue                   Conjuration/Fire             1
   b - Cause Fear                     Hexes                        4
   c - Bolt of Fire                   Conjuration/Fire             6
   d - Dragon Form                    Transmutation                7
   e - Dragon's Call                  Summoning                    9
 Y - the Catalogue of Stolen Souls and the Glacier
   (You found it on level 1 of the Lair of Beasts)

   Spells                             Type                      Level
   a - Freeze                         Ice                          1
   b - Throw Frost                    Conjuration/Ice              2
   c - Ensorcelled Hibernation        Hexes/Ice                    2
   d - Throw Icicle                   Conjuration/Ice              4
   e - Bolt of Draining               Conjuration/Necromancy       5
Comestibles
 c - 9 meat rations
 v - 5 royal jellies


   Skills:
 + Level 9.8 Fighting
 + Level 12.1 Dodging
 + Level 9.8 Unarmed Combat
 - Level 2.0 Spellcasting
 + Level 10.8 Transmutations


You had 4 spell levels left.
You knew the following spells:

 Your Spells              Type           Power        Failure   Level  Hunger
a - Beastly Appendage     Tmut           #####.       1%          1    #......
b - Sticks to Snakes      Tmut           #####...     1%          2    ##.....
c - Spider Form           Tmut/Pois      ###.......   4%          3    ###....
d - Ice Form              Ice/Tmut       ###.....     17%         4    #####..


Dungeon Overview and Level Annotations

Branches:
Dungeon (11/15)            Temple (1/1) D:5            Lair (1/6) D:11
    Orc (0/2) D:11

Altars:
Ashenzari
Cheibriados
Dithmenos
Elyvilon
Fedhas
Gozag
Hepliaklqana
Kikubaaqudgha
Makhleb
Nemelex Xobeh
Okawaru
Qazlal
Ru
Sif Muna
Trog
Uskayaw
Vehumet
Xom
Yredelemnul
Zin
The Shining One

Annotations:
D:4 2 transporters, Menkaure


Innate Abilities, Weirdness & Mutations

You cannot wear armour.
You are incapable of wielding weapons or throwing items.
Your paws allow you to move quietly. (Stealth)
You have sharp claws.
You have razor-sharp teeth.
You have supernaturally acute eyesight. (SInv)
You are carnivorous and can eat meat at any time.
You cover ground quickly.
You are covered in thick fur. (AC +2)
You have a slow metabolism.
Your sharp claws are effective at attacking unaware monsters.
Your life essence is reduced. (-10% HP)
You have a pair of horns on your head.
You have a somewhat thin skeletal structure. (Dex +2, Stealth)
You possess an exceptional clarity of mind.
You have an increased reservoir of magic. (+10% MP)
You expend magic power (3 MP) to strengthen your wands.


Message History

Casting: Beastly Appendage
Confirm with . or Enter, or press ? or * to list all spells.
Okay, then.
You scratch the spiny frog. Your headbutt misses the spiny frog.
The spiny frog is lightly wounded.
You feel sick. The spiny frog completely misses you.
You scratch the spiny frog but do no damage.
You headbutt the spiny frog, but do no damage.
The spiny frog is lightly wounded.
You feel sick.
Artakama hits the spiny frog but does no damage.
The spiny frog completely misses you.
You scratch the spiny frog.
The spiny frog is lightly wounded.
The spiny frog stings you!!
Artakama closely misses the spiny frog.
You scratch the spiny frog but do no damage.
You headbutt the spiny frog.
The spiny frog is moderately wounded.
You feel sick. The spiny frog stings you!!
You die...

#.. #.......+..... ##..
#.#.....#..... # #...
##..#.####..... #P###..
#..............
.......###?............. ..
........................ .#......
...........[............
#......#######...........####....
............ #..@R.....#.........
......#.........F...........#....
.............+.........+....#....
.......#.###.#.........#... #....
#......................#... #....
..............#..####..##..##....
P..............### .............
#....†........# ....##.#+....
+.............# #...#........


You could see the friendly Artakama the hexer and a spiny frog.

Vanquished Creatures
  The ghost of gorpus the Destroyer, a journeyman DECj (D:10)
  3 two-headed ogres
  Sonja (D:11)
  The ghost of Gargoyl the Cleaver, a novice DrAK of Lugonu (D:8)
  An unseen horror (D:10)
  An orange crystal statue (D:8)
  Maurice (D:11)
  A spiny frog (Lair:1)
  A gargoyle (D:10)
  A troll (D:8)
  Sigmund (D:4)
  7 yaks
  2 water moccasins (Lair:1)
  An acid dragon (D:11)
  A porcupine (Lair:1)
  An ice beast (D:9)
  2 orc warriors
  A black bear (D:7)
  A necrophage (D:8)
  A centaur (D:8)
  4 ogres
  3 crocodiles
  A big kobold (D:9)
  5 bullfrogs
  A wyvern skeleton (D:8)
  5 scorpions
  8 killer bees
  3 wights (D:5)
  4 howler monkeys
  4 crimson imps
  A gnoll shaman (D:6)
  3 centaur zombies
  2 jellies (D:10)
  A bullfrog skeleton (D:10)
  7 hounds
  3 orc priests
  An iguana (D:8)
  Jessica (D:3)
  Natasha (thrice) (D:2)
  7 orc wizards
  7 worker ants
  A hound skeleton (D:7)
  2 worker ant zombies
  12 adders
  12 gnolls
  A shadow imp (D:6)
  4 oozes
  An adder zombie (D:6)
  3 dart slugs
  2 leopard geckos
  24 orcs
  3 ball pythons
  5 giant cockroaches
  2 goblins (D:1)
  8 hobgoblins
  3 jackals (D:7)
  5 quokkas
  6 bats
  4 frilled lizards (D:3)
  20 kobolds
  A leopard gecko skeleton (D:6)
  A leopard gecko zombie (D:7)
  A quokka zombie (D:6)
  12 rats
237 creatures vanquished.

Vanquished Creatures (collateral kills)
  Joseph (D:9)
  Grinder (D:6)
  A wraith (D:11)
  Edmund (D:5)
  A water moccasin (D:6)
  A porcupine (Lair:1)
  2 orc warriors
  2 ice beasts (D:10)
  A black bear (D:4)
  2 big kobolds
  2 bullfrogs
  3 killer bees
  A quasit (D:7)
  A bullfrog skeleton (D:8)
  An orc wizard (D:10)
  2 adders
  An adder zombie (D:8)
  A worm (D:2)
  6 orcs
31 creatures vanquished.

Vanquished Creatures (others)
  10 hexers
  An ancestor (D:5)
11 creatures vanquished.

Grand Total: 279 creatures vanquished

Notes
Turn   | Place    | Note
-------+----------+-------------------------------------------
     0 | D:1      | Darkell the Felid Transmuter began the quest for the Orb.
     0 | D:1      | Reached XP level 1. HP: 9/9 MP: 4/4
   421 | D:1      | Reached XP level 2. HP: 12/12 MP: 6/6
   436 | D:1      | Reached skill level 3 in Dodging
   756 | D:1      | Reached XP level 3. HP: 14/16 MP: 7/7
  1420 | D:2      | Learned a level 2 spell: Sticks to Snakes
  1424 | D:2      | Learned a level 3 spell: Spider Form
  1662 | D:2      | Noticed Natasha
  1671 | D:2      | Killed Natasha
  1671 | D:2      | Reached XP level 4. HP: 5/20 MP: 8/8
  1878 | D:2      | Noticed Natasha
  1897 | D:2      | Slain by Natasha
  1898 | D:2      | Reached XP level 3. HP: 0/16 MP: 5/7
  1948 | D:2      | Gained mutation: Your muscles are strong. (Str +2) [potion of mutation]
  1948 | D:2      | Gained mutation: You have a pair of small horns on your head. [potion of mutation]
  1948 | D:2      | Gained mutation: You have an increased reservoir of magic. (+10% MP) [potion of mutation]
  2063 | D:2      | Killed Natasha
  2063 | D:2      | Reached XP level 4. HP: 11/20 MP: 8/8
  2065 | D:2      | Lost mutation: Your muscles are strong. (Str +2) [potion of mutation]
  2065 | D:2      | Lost mutation: You have a pair of small horns on your head. [potion of mutation]
  2065 | D:2      | Gained mutation: You have a somewhat thin skeletal structure. (Dex +2, Stealth) [potion of mutation]
  2065 | D:2      | Gained mutation: You expend magic power (3 MP) to strengthen your wands. [potion of mutation]
  2065 | D:2      | Gained mutation: You possess an exceptional clarity of mind. [potion of mutation]
  2387 | D:2      | Noticed Natasha
  2398 | D:2      | Killed Natasha
  2398 | D:2      | Reached skill level 4 in Dodging
  2855 | D:3      | Noticed Jessica
  2868 | D:3      | Killed Jessica
  2868 | D:3      | Reached XP level 5. HP: 21/24 MP: 6/9
  4002 | D:4      | Noticed Sigmund
  4132 | D:4      | Gained mutation: You are covered in thick fur. (AC +2) [Felid growth]
  4132 | D:4      | Reached XP level 6. HP: 27/28 MP: 10/10
  4144 | D:4      | Reached skill level 5 in Dodging
  4265 | D:4      | Found a transporter.
  4275 | D:4      | Found a basalt altar of Yredelemnul.
  4275 | D:4      | Noticed Menkaure
  4276 | D:4      | Found an ancient bone altar of Kikubaaqudgha.
  4282 | D:4      | Killed Sigmund
  4385 | D:4      | Found a transporter.
  4492 | D:4      | Found a glowing golden altar of the Shining One.
  4792 | D:5      | Entered Level 5 of the Dungeon
  4793 | D:5      | Reached XP level 7. HP: 32/32 MP: 12/12
  5152 | D:5      | Reached skill level 5 in Unarmed Combat
  5194 | D:5      | Found a staircase to the Ecumenical Temple.
  5212 | D:5      | Reached skill level 6 in Dodging
  5212 | D:5      | Reached skill level 5 in Transmutations
  5525 | Temple   | Entered the Ecumenical Temple
  5801 | Temple   | Became a worshipper of Hepliaklqana the Forgotten
  5923 | D:5      | Noticed Edmund
  5940 | D:5      | Killed Edmund
  6229 | D:5      | Found a burning altar of Makhleb.
  6232 | D:5      | Found a shimmering altar of Xom.
  6235 | D:5      | Found an iron altar of Okawaru.
  6238 | D:5      | Found a sacrificial altar of Ru.
  6485 | D:6      | Reached * piety under Hepliaklqana
  6560 | D:6      | Reached XP level 8. HP: 32/32 MP: 13/13
  6723 | D:6      | Noticed Grinder
  6774 | D:6      | Killed Grinder
  6774 | D:6      | Reached skill level 5 in Fighting
  6869 | D:6      | Found a white marble altar of Elyvilon.
  6879 | D:6      | Reached skill level 7 in Dodging
  7833 | D:7      | Reached ** piety under Hepliaklqana
  7833 | D:7      | Found a bloodstained altar of Trog.
  7893 | D:6      | Remembered your ancestor Artakama as a hexer
  8001 | D:6      | Reached skill level 8 in Dodging
  8044 | D:6      | Reached XP level 9. HP: 17/36 MP: 9/14
  8445 | D:7      | Learned a level 4 spell: Ice Form
  8490 | D:7      | Found a snail-covered altar of Cheibriados.
  8490 | D:7      | Found a glowing silver altar of Zin.
  8530 | D:7      | Found a shadowy altar of Dithmenos.
  9320 | D:8      | Noticed a two-headed ogre
  9557 | D:8      | Found a deep blue altar of Sif Muna.
  9594 | D:8      | Noticed Gargoyl's ghost (novice DrAK)
  9871 | D:8      | Noticed an orange crystal statue
  9932 | D:8      | Noticed a two-headed ogre
 10099 | D:8      | Killed an orange crystal statue
 10099 | D:8      | Reached skill level 9 in Dodging
 10658 | D:8      | Noticed a troll
 10697 | D:8      | Killed a troll
 10702 | D:8      | Reached XP level 10. HP: 22/42 MP: 11/15
 10983 | D:8      | Killed Gargoyl's ghost
 11285 | D:8      | Killed a two-headed ogre
 11285 | D:8      | Reached skill level 10 in Dodging
 11438 | D:8      | Reached *** piety under Hepliaklqana
 11803 | D:9      | Noticed Joseph
 11823 | D:9      | Killed Joseph
 12169 | D:10     | Entered Level 10 of the Dungeon
 12243 | D:10     | Noticed a gargoyle
 12274 | D:10     | Killed a gargoyle
 12750 | D:10     | Noticed gorpus's ghost (journeyman DECj)
 12770 | D:10     | Killed from afar by gorpus's ghost
 12771 | D:10     | Reached XP level 9. HP: -1/40 MP: 14/14
 12888 | D:10     | Killed from afar by gorpus's ghost
 12889 | D:10     | Reached XP level 8. HP: -5/36 MP: 13/13
 12942 | D:10     | Killed gorpus's ghost
 12942 | D:10     | Reached skill level 11 in Dodging
 12942 | D:10     | Reached XP level 9. HP: 26/40 MP: 10/14
 14036 | D:10     | Noticed a two-headed ogre
 14072 | D:10     | Killed a two-headed ogre
 14072 | D:10     | Reached skill level 10 in Transmutations
 14132 | D:10     | Reached **** piety under Hepliaklqana
 14132 | D:10     | Noticed an unseen horror
 14141 | D:10     | Killed an unseen horror
 14141 | D:10     | Reached XP level 10. HP: 44/44 MP: 15/15
 14300 | D:11     | Noticed Maurice
 14323 | D:11     | Killed Maurice
 14354 | D:11     | Found a staircase to the Orcish Mines.
 14426 | D:11     | Noticed a two-headed ogre
 14438 | D:11     | Killed a two-headed ogre
 14588 | D:11     | Noticed Sonja
 14591 | D:11     | Killed Sonja
 14623 | D:11     | Found an iron altar of Okawaru.
 14746 | D:11     | Found a staircase to the Lair.
 14966 | Lair:1   | Entered Level 1 of the Lair of Beasts
 14969 | Lair:1   | Reached skill level 12 in Dodging
 15039 | Lair:1   | Noticed a spiny frog
 15053 | Lair:1   | Killed a spiny frog
 15172 | Lair:1   | Reached XP level 11. HP: 41/48 MP: 16/16
 15585 | Lair:1   | Identified the Catalogue of Stolen Souls and the Glacier
 15600 | Lair:1   | Slain by a spiny frog

Skill      XL: |  1  2  3  4  5  6  7  8  9 10 |
---------------+-------------------------------+-----
Dodging        | 3 4 5 6 11 9 12 | 12.1
Fighting       | 2 3 4 6 9 8 |  9.8
Transmutations | 3 4 5 6 10 9 | 10.8
Unarmed Combat | 4 5 6 9 8 |  9.8
Spellcasting   | |  2.0

Action                   |  1- 3 |  4- 6 |  7- 9 | 10-12 || total
-------------------------+-------+-------+-------+-------++-------
Melee: Unarmed           |   117 |   133 |   538 |   315 ||  1103
       Bite              |     7 |    13 |    50 |    12 ||    82
       Headbutt          |     7 |     6 |     1 |     8 ||    22
       Punch             |       |     3 |    20 |     5 ||    28
 Cast: Beastly Appendage |     5 |     3 |     5 |     4 ||    17
       Sticks to Snakes  |     3 |     6 |    29 |     3 ||    41
       Spider Form       |       |     4 |    21 |    11 ||    36
Invok: Recall Ancestor   |       |       |     7 |     3 ||    10
       Ancestor Life: He |       |       |     1 |       ||     1
 Abil: End Transformatio |       |       |     1 |       ||     1
  Use: Potion            |     2 |     3 |     3 |       ||     8
 Stab: Sleeping          |     3 |    12 |    11 |     4 ||    30
       Distracted        |       |     1 |     3 |     5 ||     9
       Confused          |       |       |     3 |     5 ||     8
  Eat: Chunk             |    12 |    10 |    23 |     8 ||    53
Armor: Skin              |    13 |    12 |    52 |    15 ||    92
Dodge: Dodged            |   103 |   110 |   527 |   219 ||   959
Block: Other             |       |     5 |    70 |    29 ||   104
       Reflection        |       |       |     1 |     2 ||     3
